 Dungeon Crawl Stone Soup version 0.30-a0-373-gd37427bb62 (webtiles) character file.

Game seed: 3745117824121153869

65 Shayle the Chopper (level 3, -3/28 HPs)
             Began as a Demonspawn Reaver on Nov 24, 2022.
             Slain by Natasha (4 damage)
             ... on level 2 of the Dungeon.
             The game lasted 00:04:14 (1385 turns).

Shayle the Chopper (Demonspawn Reaver)              Turns: 1385, Time: 00:04:14

Health: -3/28      AC:  4    Str: 12    XL:     3   Next: 92%
Magic:  6/6        EV: 11    Int: 16    God:
Gold:   30         SH:  0    Dex: 11    Spells: 3/6 levels left

rFire   . . .      SeeInvis .    a - +0 hand axe
rCold   . . .      Faith    .    (no shield)
rNeg    . . .      Spirit   .    b - +1 leather armour
rPois   .          Reflect  .    (no helmet)
rElec   .          Harm     .    (no cloak)
rCorr   .          Rampage  .    (no gloves)
Will    .....                    (no boots)
Stlth   +.........               (no amulet)
HPRegen 0.24/turn                (no ring)
MPRegen 0.10/turn                (no ring)

@: attractive, hasted, very quick
A: claws 1
a: no special abilities


You were on level 2 of the Dungeon.
You visited 1 branch of the dungeon, and saw 2 of its levels.

You collected 30 gold pieces.

Inventory:

Hand Weapons
 a - a +0 hand axe (weapon)
Armour
 b - a +1 leather armour (worn)
Scrolls
 e - a scroll of fog {unknown}
 g - a scroll of vulnerability {unknown}
Potions
 d - 2 potions of might
 f - 2 potions of mutation


   Skills:
 + Level 2.7 Fighting
 + Level 3.2 Axes
 + Level 1.3 Armour
 - Level 1.7 Dodging
 + Level 1.4 Stealth
 + Level 2.0 Spellcasting
 - Level 3.0 Conjurations
 + Level 0.1 Poison Magic


You had 3 spell levels left.
You knew the following spells:

 Your Spells              Type           Power      Damage    Failure   Level
a - Kiss of Death         Conj/Necr      24%        2d7       14%         1
b - Poisonous Vapours     Pois/Air       2%         N/A       36%         2

Your spell library contained the following spells:

 Spells                   Type           Power      Damage    Failure   Level
 Momentum Strike          Conj/Tloc      12%        3d8       22%         2
 Sting                    Tmut/Pois      4%         1d3       26%         1
 Hailstorm                Conj/Ice       6%         3d4       38%         3
 Olgreb's Toxic Radiance  Pois           2%         N/A       94%         4


Dungeon Overview and Level Annotations

Branches:
Dungeon (2/15)

Altars:

Annotations:
D:2 Natasha


Innate Abilities, Weirdness & Mutations

You have sharp fingernails.


Message History

Natasha stares at you and mumbles some strange words.
The magic dart hits you.
Natasha stares at you and mumbles some strange words.
You feel yourself slow down.
Natasha howls an incantation.
You feel troubled.
Natasha stares at you and mumbles some strange words.
The magic dart hits you.
You barely miss Natasha. Natasha claws you!
Natasha stares at you and mumbles some strange words.
You resist with significant effort.
You hit Natasha.
Natasha is heavily wounded.
Natasha barely misses you. x2
You barely miss Natasha.
Natasha is heavily wounded.
Natasha claws you but does no damage.
You closely miss Natasha.
Natasha is heavily wounded.
Natasha barely misses you. x2
You hit Natasha.
Natasha is heavily wounded.
Natasha claws you!
* * * LOW HITPOINT WARNING * * *
Natasha claws you but does no damage.
You closely miss Natasha.
Natasha is heavily wounded.
Natasha closely misses you. Natasha claws you.
* * * LOW HITPOINT WARNING * * *
Unknown command.
It was a potion of haste.
You feel yourself speed up.
You feel yourself speed up. Natasha claws you.
* * * LOW HITPOINT WARNING * * *
It was a potion of attraction.
You feel attractive to monsters.
Natasha wildly gestures.
Natasha glows brightly for a moment.
Natasha claws you.
You die...

######.......##.....###
#............##..#...### ######
#^..>........###.......# #.....
#..............#.#...#.####.####
#...........##.#.#..........#
#####.#######...#......>######
..###'#######.#####.#####
....................####
.......#...)....@h......
.......#................
)....<.#................
.......#................
.......####.............
.......+......##########
.......###.##.# .......# #. #.#
.......# #. ..#


You could see Natasha.

Vanquished Creatures
  Natasha (D:2)
  A dart slug (D:1)
  4 ball pythons
  3 bats
  A bat skeleton (D:2)
  4 endoplasms (D:2)
  2 giant cockroaches
  3 goblins
  3 hobgoblins
  4 jackals (D:2)
  2 frilled lizards
  A quokka zombie (D:2)
  5 rats
34 creatures vanquished.

Vanquished Creatures (others)
  21 withered plants (D:2)
21 creatures vanquished.

Grand Total: 55 creatures vanquished

Notes
Turn   | Place    | Note
-------+----------+-------------------------------------------
     0 | D:1      | Shayle the Demonspawn Reaver began the quest for the Orb.
     0 | D:1      | Reached XP level 1. HP: 16/16 MP: 3/3
   232 | D:1      | Discovered your monstrous ancestry.
   232 | D:1      | Gained mutation: You have sharp fingernails. [demonic
                  | ancestry]
   232 | D:1      | Reached XP level 2. HP: 22/22 MP: 5/5
   250 | D:1      | Found a faded altar of an unknown god.
   903 | D:2      | Reached skill level 1 in Stealth
   967 | D:2      | Reached skill level 1 in Armour
   991 | D:2      | Noticed Natasha
  1027 | D:2      | Noticed a crimson imp
  1031 | D:2      | Killed Natasha
  1032 | D:2      | Reached XP level 3. HP: 13/28 MP: 6/6
  1122 | D:1      | Learned a level 2 spell: Poisonous Vapours
  1373 | D:2      | Noticed Natasha
  1384 | D:2      | HP: 1/28 [Natasha (6)]
  1385 | D:2      | Slain by Natasha

Illustrated notes

Levels and vault maps discovered:
D:1:      saegor_arrival_miasma, layout_loops_ring,
          chequers_ecumenical_altar_lobes
D:2:      layout_basic, dilly_guarded_unrand_morg

Skill      XL: |  1  2 |
---------------+-------+-----
Stealth        | 1 |  1.4
Axes           | 3 |  3.2
Armour         | 1 |  1.3
Fighting       | |  2.7
Dodging        | |  1.7
Spellcasting   | |  2.0
Conjurations   | |  3.0
Poison Magic   | |  0.1

Action                   || total
-------------------------++-------
Melee: Hand axe          ||   121
       Punch             ||     2
  Use: Potion            ||     3
       Scroll            ||     3
 Stab: Sleeping          ||     3
Armor: Leather armour    ||    44
Dodge: Dodged            ||   110

Table legend: (Time is in decaauts)
 A = Elapsed time spent in this place.
 B = Non-inter-level travel time spent in this place.
 C = Inter-level travel time spent in this place.
 D = Time resting spent in this place.
 E = Time spent auto-exploring this place.
 F = Levels seen in this place.
 G = Mean time per level.
                   A        B        C        D        E       F      G
               +--------+--------+--------+--------+--------+-----+--------+
         Total |   1414 |   1350 |     64 |     82 |    909 |   2 |  707.0 |
       Dungeon |   1414 |   1350 |     64 |     82 |    909 |   2 |  707.0 |
               +--------+--------+--------+--------+--------+-----+--------+

Top non-repeatable levels by time:
     D:1: 829 daAuts
     D:2: 584 daAuts
